 Dungeon Crawl Stone Soup version 0.32-a0-39-g5c88369fb2 (webtiles) character file.

Game seed: 1219232228770661118

838 mrsnowman the Trooper (level 7, 0/57 HPs)
             Began as a Demonspawn Fighter on Jan 26, 2024.
             Slain by Pikel
             ... wielding a +1 whip of freezing
              (7 damage)
             ... on level 5 of the Dungeon.
             The game lasted 00:10:11 (3952 turns).

mrsnowman the Trooper (Demonspawn Fighter)          Turns: 3952, Time: 00:10:12

Health: 0/57       AC:  9    Str: 18    XL:     7   Next: 67%
Magic:  7/7        EV:  9    Int:  8    God:
Gold:   220        SH: 11    Dex: 17    Spells: 6/6 levels left

rFire   . . .        a - +0 war axe
rCold   . . .        c - +0 buckler
rNeg    . . .        b - +0 scale mail
rPois   .            (helmet restricted)
rElec   .            (no cloak)
rCorr   .            m - +2 pair of gloves
SInv    .            (no boots)
Will    .....        g - amulet of reflection
Stlth   ++           (no ring)
HPRegen 0.29/turn    (no ring)
MPRegen 0.10/turn

%: reflection
@: no status effects
A: horns 2, thin skeletal structure 2, powered by pain 1
a: no special abilities


You were on level 5 of the Dungeon.
You visited 1 branch of the dungeon, and saw 5 of its levels.

You collected 220 gold pieces.

Inventory:

Hand Weapons
 a - a +0 war axe (weapon)
Missiles
 w - 5 poisoned darts (quivered)
 x - 2 atropa-tipped darts
Armour
 b - a +0 scale mail (worn)
 c - a +0 buckler (worn)
 m - a +2 pair of gloves (worn)
 r - a +0 kite shield
 v - a +0 plate armour
Jewellery
 g - an amulet of reflection (around neck)
 p - an amulet of the acrobat
Wands
 d - a wand of polymorph (8)
 k - a wand of flame (9)
Scrolls
 e - 2 scrolls of fog {unknown}
 h - a scroll of vulnerability {unknown}
 i - 4 scrolls of identify {unknown}
 l - a scroll of blinking {unknown}
 n - a scroll of fear {unknown}
 q - 3 scrolls of teleportation {unknown}
 t - a scroll of amnesia {unknown}
 u - a scroll of torment {unknown}
Potions
 f - 3 potions of curing
 j - a potion of invisibility {unknown}
 o - a potion of heal wounds {unknown}
 s - a potion of degeneration {unknown}


   Skills:
 + Level 5.8 Fighting
 + Level 4.7 Axes
 - Level 3.0 Armour
 + Level 5.2 Shields


You had 6 spell levels left.
You didn't know any spells.
Your spell library contained the following spells:

 Spells                   Type           Power      Damage    Failure   Level
 Haunt                    Necr/Summ      0%         N/A       100%        7
 Borgnjor's Revivificati  Necr           0%         N/A       100%        8
 Death's Door             Necr           0%         N/A       100%        9


Dungeon Overview and Level Annotations

Branches:
Dungeon (5/15)
 Temple: D:4-7

Altars:
Ashenzari
Wu Jian

Annotations:
D:5 3 runed translucent doors, Pikel; vurker's ghost, novice VSEn


Innate Abilities, Weirdness & Mutations

You have a pair of horns on your head.
You have a moderately thin skeletal structure. (Dex +4, Stealth++)
You sometimes gain a little power by taking damage.


Message History

You block the lemure's attack.
Pikel hits you with a +1 whip of freezing.
Pikel freezes you.
You slash Pikel!
Pikel is heavily wounded.
You hit the lemure. x2; You completely miss the lemure.
You block the lemure's attack. The lemure hits you but does no damage.
The lemure hits you.
Pikel hits you with a +1 whip of freezing.
Pikel freezes you. You block the lemure's attack.
The lemure hits you but does no damage.
You hit Pikel. You headbutt Pikel!
Pikel is severely wounded.
You closely miss the lemure. x2; You miss the lemure.
You block the lemure's attack.
Pikel zaps a wand.
The puff of flame hits you but does no damage.
You block the lemure's attack. The lemure hits you.
Unknown command.
You hit Pikel.
Pikel is almost dead.
You slash the lemure! You barely miss the lemure. You hit the lemure.
The lemure hits you.
* * * LOW HITPOINT WARNING * * *
You block Pikel's attack. The lemure hits you but does no damage.
The lemure hits you.
* * * LOW HITPOINT WARNING * * *
The lemure hits you.
* * * LOW HITPOINT WARNING * * *
You barely miss Pikel.
Pikel is almost dead.
You closely miss the lemure. You slash the lemure! You closely miss the lemure.
Pikel hits you with a +1 whip of freezing.
* * * LOW HITPOINT WARNING * * *
Pikel freezes you.
* * * LOW HITPOINT WARNING * * *
You block the lemure's attack. The lemure hits you but does no damage.
You block the lemure's attack.
Pikel hits you with a +1 whip of freezing!
You die...
Pikel says, "See you in Hell!"

#..# #..# ... #..# ##.#
.. ##.## #.. 5 #..# #..
#..# #.# #..### ##.#
#....### #.## #^..K5.##
#.# ######...5@5.# ##.#
#######....).......###
#.##
#.....5#####.........####
##.# .#######
#........>...####..# .#
#.......####....#.## ..#
#.......# ###....# ...#
##.....## ####.# ....#
#.....# #.## ....#
##..### #..#


You could see Pikel and 3 lemures.

Vanquished Creatures
  Edmund (D:4)
  Duvessa (D:4)
  An orc warrior (D:4)
  An ice beast (D:5)
  A scorpion (D:4)
  Dowan (D:4)
  A bombardier beetle (D:5)
  Natasha (thrice) (D:4)
  7 gnolls
  6 adders
  3 dart slugs
  3 ribbon worms
  An orc (D:5)
  5 endoplasms
  4 giant cockroaches
  5 goblins
  7 hobgoblins
  4 jackals (D:2)
  A quokka (D:3)
  7 bats
  5 frilled lizards
  6 kobolds
  4 rats
78 creatures vanquished.

Vanquished Creatures (others)
  A bombardier beetle (D:3)
1 creature vanquished.

Grand Total: 79 creatures vanquished

Notes
Turn   | Place    | Note
-------+----------+-------------------------------------------
     0 | D:1      | mrsnowman the Demonspawn Fighter began the quest for the
                  | Orb.
     0 | D:1      | Reached XP level 1. HP: 18/18 MP: 1/1
   219 | D:1      | Gained mutation: You have a pair of small horns on your
                  | head. [demonic ancestry]
   219 | D:1      | Reached XP level 2. HP: 24/24 MP: 2/2
   855 | D:2      | Gained mutation: You sometimes gain a little power by
                  | taking damage. [demonic ancestry]
   855 | D:2      | Reached XP level 3. HP: 20/29 MP: 3/3
   912 | D:2      | Found a broken altar of Ashenzari.
  1436 | D:3      | Found an ornate altar of the Wu Jian Council.
  1464 | D:3      | Gained mutation: You have a somewhat thin skeletal
                  | structure. (Dex +2, Stealth+) [demonic ancestry]
  1464 | D:3      | Reached XP level 4. HP: 33/37 MP: 4/4
  2343 | D:4      | Gained mutation: You have a pair of horns on your head.
                  | [demonic ancestry]
  2343 | D:4      | Reached XP level 5. HP: 42/42 MP: 5/5
  2468 | D:4      | Noticed Natasha
  2484 | D:4      | Killed Natasha
  2560 | D:4      | Noticed Natasha
  2568 | D:4      | Killed Natasha
  2585 | D:4      | Noticed Dowan
  2588 | D:4      | Noticed Duvessa
  2603 | D:4      | Killed Duvessa
  2604 | D:4      | Reached XP level 6. HP: 48/49 MP: 6/6
  2605 | D:4      | Killed Dowan
  2701 | D:4      | Noticed an orc warrior
  2714 | D:4      | Noticed Natasha
  2716 | D:4      | Killed an orc warrior
  2717 | D:4      | Reached skill level 5 in Fighting
  2725 | D:4      | Killed Natasha
  2726 | D:4      | Gained mutation: You have a moderately thin skeletal
                  | structure. (Dex +4, Stealth++) [demonic ancestry]
  2726 | D:4      | Reached XP level 7. HP: 23/56 MP: 7/7
  2938 | D:4      | Noticed Edmund
  2952 | D:4      | Killed Edmund
  3471 | D:5      | Entered Level 5 of the Dungeon
  3645 | D:5      | Reached skill level 5 in Shields
  3833 | D:5      | Found a runed translucent gate.
  3834 | D:5      | Found a runed translucent gate.
  3836 | D:5      | Found a runed translucent gate.
  3837 | D:5      | Noticed vurker's ghost (novice VSEn)
  3917 | D:5      | Noticed Pikel
  3952 | D:5      | Slain by Pikel

Illustrated notes

Levels and vault maps discovered:
D:1:      matt_arrival_refuge, layout_rooms, nicolae_figureground_pulse
D:2:      layout_basic, basic_altar, minmay_crystal_water
D:3:      layout_basic, mainiacjoe_overflow_concentric_impassable,
          roderic_lattice_a
D:4:      layout_basic, st_stairs_1, minmay_misc_feat_doors, uniq_edmund,
          uniq_duvessa, uniq_natasha
D:5:      layout_cave_pods, biasface_ghost_orc_armoury, uniq_menkaure,
          uniq_pikel, uniq_prince_ribbit1

Skill      XL: |  1  2  3  4  5  6  7 |
---------------+----------------------+-----
Axes           | 2 3 4 |  4.7
Shields        | 3 4 5 |  5.2
Armour         | 3 |  3.0
Fighting       | 4 5 |  5.8

Action                     |  1- 3 |  4- 6 |  7- 9 || total
---------------------------+-------+-------+-------++-------
  Melee: War axe           |    96 |    99 |    58 ||   253
         Headbutt          |    11 |    13 |    13 ||    37
  Throw: Dart              |       |       |     5 ||     5
  Evoke: Wand              |       |       |     4 ||     4
    Use: Potion            |       |     2 |       ||     2
   Stab: Sleeping          |       |       |     1 ||     1
 Armour: Scale mail        |    75 |    60 |    48 ||   183
  Dodge: Dodged            |    37 |    33 |    21 ||    91
  Block: Buckler           |    44 |    56 |    28 ||   128
         Reflection        |       |     4 |       ||     4

Table legend: (Time is in decaauts)
 A = Elapsed time spent in this place.
 B = Non-inter-level travel time spent in this place.
 C = Inter-level travel time spent in this place.
 D = Time resting spent in this place.
 E = Time spent auto-exploring this place.
 F = Levels seen in this place.
 G = Mean time per level.
                   A        B        C        D        E       F      G
               +--------+--------+--------+--------+--------+-----+--------+
         Total |   4058 |   3902 |    156 |     35 |   3064 |   5 |  811.6 |
       Dungeon |   4058 |   3902 |    156 |     35 |   3064 |   5 |  811.6 |
               +--------+--------+--------+--------+--------+-----+--------+

Top non-repeatable levels by time:
     D:4: 1177 daAuts
     D:3: 941 daAuts
     D:2: 768 daAuts
     D:1: 681 daAuts
     D:5: 490 daAuts
